Cogmind - Beta 15 @@@ ROGUE MODE // 2025.07.07 @ 12:37:43 Player: puppuppit Result: Destroyed by Y-72 Warden with Quantum Rifle Performance ------------- Evolutions (6) 3000 Regions Visited (13) 2600 Robots Destroyed (241) 1205 Value Destroyed (10027) 10027 Prototype IDs (39) 780 Alien Tech Used (0) 0 Bonus (9703) 9703 TOTAL SCORE: 27315 Bonus ------- Triggered High Security 1000 High Alert Combat Kills 2918 Follower Combat Kills 1784 Registered with UFD 300 Met Optimus in HQ 500 Met Warlord at Base 500 MAIN.C Attacked Warlord 500 Warlord Defense Kills 3590 Friendly Fire -1389 Cogmind --------- Core Integrity 0/1150 Matter 132/300 Energy 75/100 System Corruption 14% Temperature Cool (9) Movement Core (50) Location -4/Upper Caves Parts ------- > --- POWER (2) -------- (None) > --- PROPULSION (6) --- (None) > --- UTILITY (8) ------ Advanced Coolant Injector Improved Target Analyzer Advanced Target Analyzer Experimental Core Analyzer Makeshift Propulsion Shielding A0-MCA's Component Scanner > --- WEAPON (3) ------- (None) > --- INVENTORY (5) ---- Overtuned Armored Exoskeleton Advanced Matter Compressor (400) Peak State ------------ > --- POWER ------------ Light Antimatter Reactor Improved Quantum Reactor > --- PROPULSION ------- Improved Antigrav System Cooled Antigrav System Cooled Antigrav System Combat Linear Gravjet Combat Linear Gravjet Combat Linear Gravjet > --- UTILITY ---------- Experimental Heat Sink Large Storage Unit Advanced Targeting Computer Experimental Targeting Computer Experimental Target Analyzer Experimental Core Analyzer Centrium Medium Armor Plating Mapping Drone Bay > --- WEAPON ----------- Helical Railgun Helical Railgun Helical Railgun > --- INVENTORY -------- Antigrav System Improved Antigrav System Improved Antigrav System Improved Antigrav System Combat Linear Gravjet Improved Coolant Injector Matter Compressor Experimental Core Analyzer Improved Weapon Shielding Ghost Barrier A0-MCA's Component Scanner KE Penetrator Helical Railgun Vortex Lance [Rating: 157] Favorites ----------- Power Micro Fission Core Engine Subdweller Power Source Power Core Micro Fission Core Reactor Light Antimatter Reactor Propulsion Gyrokinetic Inverter Treads Light Treads Leg Overtuned Armored Exoskeleton Wheel Compact Wheel Hover Unit Gyrokinetic Inverter Flight Unit Cooled Impulse Thruster Utility Large Storage Unit Device Advanced Heat Sink Storage Large Storage Unit Processor Targeting Computer Hackware Hacking Suite Protection Gun Armor Weapon Barrage Gun Energy Gun Vortex Shotgun Energy Cannon Overtuned Phase Cannon Ballistic Gun Barrage Gun Ballistic Cannon Overtuned Bore Cannon Launcher Heavy Proton Missile Launcher Slashing Weapon Power Sword Piercing Weapon Vortex Lance Build | -11 -10 -10 -7 -5 -5 -5 -5 -4 -4 -4 -4 -4 -4 ------- Run | Yrd Mat Sub Scr Fac Upp Upp War Pro Fac Was Fac Upp Upp Slots Evolved 12 | . . . . 10 . . . . 2 . . . . Power 1 | . . . . 1 . . . . . . . . . Propulsion 4 | . . . . 4 . . . . . . . . . Utility 6 | . . . . 4 . . . . 2 . . . . Weapon 1 | . . . . 1 . . . . . . . . . Parts Attached 232 | 7 12 10 3 58 5 8 38 . 13 2 65 8 3 Power 33 | 1 1 2 1 5 1 2 4 . . . 13 3 . Engine 6 | 1 1 2 1 . 1 . . . . . . . . Core 11 | . . . . 5 . 2 . . . . 4 . . Reactor 16 | . . . . . . . 4 . . . 9 3 . Propulsion 78 | 2 3 3 . 16 1 4 15 . 6 1 26 . 1 Treads 12 | 2 3 3 . 1 . 3 . . . . . . . Leg 3 | . . . . . 1 . 1 . . . 1 . . Wheel 1 | . . . . . . . . . . . 1 . . Hover 59 | . . . . 15 . 1 11 . 6 1 24 . 1 Flight 3 | . . . . . . . 3 . . . . . . Utility 68 | 2 2 1 2 22 3 . 12 . 2 . 18 3 1 Device 28 | 1 . 1 . 12 1 . 3 . . . 9 1 . Storage 5 | 1 1 . 1 . . . . . . . 2 . . Processor 23 | . 1 . 1 7 1 . 7 . . . 3 2 1 Hackware 4 | . . . . 1 . . . . 2 . 1 . . Protection 8 | . . . . 2 1 . 2 . . . 3 . . Artifact . | . . . . . . . . . . . . . . Weapon 53 | 2 6 4 . 15 . 2 7 . 5 1 8 2 1 Energy Gun 3 | 1 . . . . . . 2 . . . . . . Energy Cannon 2 | . . 1 . . . . . . . . . 1 . Ballistic Gun 37 | 1 5 3 . 14 . 2 4 . 4 . 3 1 . Ballistic Cannon 5 | . . . . 1 . . . . 1 . 2 . 1 Launcher 2 | . 1 . . . . . . . . . 1 . . Special Weapon . | . . . . . . . . . . . . . . Impact Weapon . | . . . . . . . . . . . . . . Slashing Weapon . | . . . . . . . . . . . . . . Piercing Weapon 4 | . . . . . . . 1 . . 1 2 . . Special Melee Weapon . | . . . . . . . . . . . . . . Unidentified Prototypes 22 | . . . . 1 1 . 15 . 1 1 3 . . Corrupted Parts 3 | . . . . . . . 2 . . . 1 . . System Corruption 13 | . . . . . . . 10 . . . 3 . . Parts Lost 98 | . 1 . . 17 1 3 2 . 6 . 54 . 14 Power 13 | . 1 . . 1 . . . . . . 8 . 3 Propulsion 49 | . . . . 10 1 2 1 . 4 . 26 . 5 Utility 18 | . . . . 4 . . . . . . 12 . 2 Weapon 18 | . . . . 2 . 1 1 . 2 . 8 . 4 Highest Loss Streak 14 | . 1 . . 4 1 2 1 . 3 . 9 . 14 To Critical Strikes 1 | . . . . . . . . . . . 1 . . Average Backups 12 | . 11 13 12 13 13 13 13 15 13 14 12 12 10 Power . | . . 1 . 1 2 1 1 . . . . . . Propulsion 1 | . 1 2 . . . . 1 4 2 4 4 3 2 Utility 4 | . 3 2 6 5 6 7 6 8 6 6 4 4 4 Weapon 4 | . 5 7 5 4 5 4 4 3 4 4 3 2 2 Tool/Special . | . . . . . . . . . . . . . . Unused Backups 45 | . 1 11 13 6 . . 5 . . 5 4 . . Power 2 | . . . 2 . . . . . . . . . . Propulsion 9 | . . 1 3 . . . 2 . . 2 1 . . Utility 17 | . 1 2 3 5 . . 3 . . 1 2 . . Weapon 16 | . . 7 5 1 . . . . . 2 1 . . Tool/Special 1 | . . 1 . . . . . . . . . . . Average Slot Usage (%) 93 | . 99 99 87 93 99 88 95 100 97 100 89 73 74 Engine 5 | . 13 14 11 . 2 . . . . . . . . Core 3 | . . . . 9 7 11 7 . . . 2 . . Reactor 2 | . . . . . . . 3 11 10 10 6 9 9 Treads 13 | . 28 28 28 8 . 1 1 . . . . . . Hover 13 | . . . . 21 33 25 27 35 30 31 27 8 12 Device 7 | . 1 7 1 7 16 13 9 5 5 9 9 8 10 Storage 8 | . 14 14 14 5 5 5 5 5 5 5 4 5 4 Processor 12 | . 12 6 4 10 11 11 18 23 21 21 17 20 19 Hackware 1 | . . . . 4 . . . . 5 5 3 . . Ballistic Gun 19 | . 24 27 28 18 17 16 12 17 13 14 8 4 4 Peak Build Rating 157 | 9 11 18 19 109 88 88 143 143 157 150 150 118 116 Average Rating 62 | 5 9 15 17 75 84 80 109 142 146 148 123 101 99 On Entrance 76 | . 9 11 18 19 84 88 87 143 142 136 150 83 105 Naked Turns . | . . . . . . . . . . . . . . Heaviest Build 79 | 12 31 36 34 68 66 46 74 70 77 70 70 79 75 Greatest Support 92 | 40 40 40 40 67 58 55 87 92 86 71 90 90 41 Greatest Overweight (x) 2 | . . . . 2 1 1 1 . . . 1 1 1 Average Overweight (x) . | . . . . . . . . . . . . . . Largest Inventory Capacity 15 | 8 15 15 15 15 15 15 15 15 15 15 15 15 15 Average Capacity 14 | 6 14 15 15 15 15 15 15 15 15 15 14 15 14 Most Carried 15 | 2 15 15 15 15 15 15 15 15 15 15 15 14 14 Average Carried 13 | . 11 14 13 14 14 14 14 15 13 14 13 12 12 Final Capacity 15 | 8 15 15 15 15 15 15 15 15 15 15 15 15 5 Final Carried 15 | 2 15 15 15 14 15 15 15 15 15 15 15 13 4 Class Distribution -------------------- 46% | Mutant 33% | Scavenger-Gunner 5% | Scavenger-Sprinter 4% | Scavenger-Scrapper 4% | Scavenger-Skirmisher 3% | Scavenger-Mutant Dominant Class ---------------- Mutant | -10/Materials Mutant | -10/Subcaves Mutant | -7/Scraptown Scavenger-Gunner | -5/Factory Scavenger-Skirmisher | -5/Upper Caves Scavenger-Gunner | -5/Upper Caves Scavenger-Gunner | -5/Warlord Scavenger-Gunner | -4/Proximity Caves Scavenger-Gunner | -4/Factory Scavenger-Sprinter | -4/Waste Scavenger-Gunner | -4/Factory Scavenger-Scrapper | -4/Upper Caves Scavenger-Gunner | -4/Upper Caves Resources | -11 -10 -10 -7 -5 -5 -5 -5 -4 -4 -4 -4 -4 -4 ----------- Run | Yrd Mat Sub Scr Fac Upp Upp War Pro Fac Was Fac Upp Upp Matter Collected 11552 | 301 612 549 . 3699 336 310 1304 138 87 702 3101 296 117 Remotely . | . . . . . . . . . . . . . . Salvage Created 12068 | 134 991 471 . 3061 151 169 1514 20 349 421 4262 256 269 Parts 554 | 8 55 41 . 134 5 10 57 5 15 6 203 5 10 Haulers Intercepted 10 | . 2 . . 5 . . . . . . 3 . . Recyclers Shooed 5 | 1 1 . . 3 . . . . . . . . . Parts Field Recycled 10 | . . . . 10 . . . . . . . . . Retrieved Matter 417 | . . . . 417 . . . . . . . . . Parts Self-Destructed 58 | . . 8 . . 17 15 . 5 . . . 4 9 Prevented 2 | . . . . . 2 . . . . . . . . Kills | -11 -10 -10 -7 -5 -5 -5 -5 -4 -4 -4 -4 -4 -4 ------- Run | Yrd Mat Sub Scr Fac Upp Upp War Pro Fac Was Fac Upp Upp Combat Hostiles Destroyed 155 | . 14 9 . 28 2 2 27 2 11 . 54 2 4 Melee 1 | . . . . . . . . . . . 1 . . Guns 112 | . 10 8 . 22 2 2 26 2 2 . 38 . . Cannons 17 | . . . . . . . . . . . 11 2 4 AOE 24 | . 4 1 . 6 . . 1 . 9 . 3 . . Classes Destroyed 24 | 3 7 2 . 4 . . 6 1 . . . . 1 Worker 27 | 1 3 . . 14 . . . . 1 . 8 . . Builder 11 | . 1 . . 7 . . . . . . 3 . . Tunneler 5 | 2 2 . . 1 . . . . . . . . . Hauler 10 | . 2 . . 5 . . . . . . 3 . . Recycler 11 | 1 4 . . 4 . . . . . . 2 . . Mechanic 3 | . 1 . . . . . 1 . . . 1 . . Operator 4 | . 1 . . 1 . . . . . . 2 . . Drone 2 | . . . . . . . . 2 . . . . . Watcher 12 | . 1 . . 3 . . . . 1 . 7 . . Swarmer 26 | . 3 . . 4 . . 1 . 5 . 12 . 1 Saboteur 2 | . . . . . . . 2 . . . . . . Grunt 63 | . 11 . . 11 2 1 7 . 4 . 26 . 1 Brawler 5 | . . . . 1 . . 2 . . . 2 . . Duelist 2 | . . . . . . . . . . . 1 . 1 Sentry 8 | . . . . 2 . . . . 1 . 4 . 1 Hunter 8 | . . . . 5 . . 1 . . . 2 . . Programmer 24 | . . . . 5 . 1 8 . 1 . 7 2 . Behemoth 1 | . . . . . . . 1 . . . . . . Striker 2 | . . . . . . . 2 . . . . . . Executioner 2 | . . . . . . . 2 . . . . . . Artisan 1 | . . 1 . . . . . . . . . . . Subdweller 9 | . . 9 . . . . . . . . . . . Samaritan 1 | . . . . . . . . . . . . . 1 Thug 1 | . . . . . . . 1 . . . . . . Butcher 1 | . . . . . . . 1 . . . . . . Wizard 1 | . . . . . . . 1 . . . . . . Mutant 1 | . . . . . . . 1 . . . . . . Best Kill Streak 15 | 4 7 2 . 15 1 1 8 1 6 . 13 2 3 Combat Bots Only 8 | . 5 2 . 6 1 1 8 1 6 . 5 2 3 Max Kills in Single Turn 6 | 1 3 2 . 3 1 1 2 1 6 . 3 1 2 Gunslinging 1 | . . . . 1 . . 1 . . . 1 . . Exploded 6 | . 2 1 . 2 . . 1 . 6 . 1 . . Melee 1 | . . . . . . . . . . . 1 . . Uniques/NPCs Destroyed . | . . . . . . . . . . . . . . Combat | -11 -10 -10 -7 -5 -5 -5 -5 -4 -4 -4 -4 -4 -4 -------- Run | Yrd Mat Sub Scr Fac Upp Upp War Pro Fac Was Fac Upp Upp Hostile Shots Fired 1226 | . 41 38 . 231 18 25 70 12 60 . 589 5 137 Missed 446 | . 11 10 . 70 7 9 23 8 21 . 247 . 40 Hits 780 | . 30 28 . 161 11 16 47 4 39 . 342 5 97 Melee 8 | . . . . . . . . . . . 1 . 7 Projectile 772 | . 30 28 . 161 11 16 47 4 39 . 341 5 90 AOE 1 | . . . . . . . . . . . 1 . . Critical Strikes 44 | . . 2 . 9 . 1 2 1 1 . 20 1 7 Actively Blocked 8 | . . . . 1 . . . . . . 4 . 3 Part Disruptions 1 | . . . . 1 . . . . . . . . . Damage Taken 16145 | . 355 645 . 3159 221 301 1152 76 939 . 6999 103 2195 Core 1899 | . 47 125 . 442 . . 120 . 13 . 769 21 362 Absorbed by Shields 22 | . . . . . . . . . . . 22 . . Redirected to Shielding 391 | . . . . 105 . . . . . . 227 . 59 Regen/Repaired (Parts) 262 | . 17 . . . . . 203 . . . 32 10 . Core Remaining (%) 58 | 100 . . 31 . . . . 43 . . . . . Volleys Fired 556 | 14 71 65 . 122 15 8 52 6 13 6 160 9 15 Largest 5 | 2 2 2 . 5 3 3 3 3 3 3 3 3 3 Hottest 198 | 70 70 80 . 165 89 89 148 114 114 111 111 198 198 Shots Fired 1349 | 28 138 110 . 372 44 21 156 16 33 17 358 18 38 Gun 1214 | 28 134 107 . 348 44 21 156 16 32 17 292 4 15 Cannon 102 | . . 1 . 15 . . . . 1 . 48 14 23 Launcher 33 | . 4 2 . 9 . . . . . . 18 . . Special . | . . . . . . . . . . . . . . Kinetic 1245 | 14 117 107 . 363 44 21 135 16 33 17 340 8 30 Thermal 50 | 14 17 1 . . . . . . . . . 10 8 Explosive 15 | . 4 2 . 9 . . . . . . . . . Electromagnetic 18 | . . . . . . . . . . . 18 . . Entropic 21 | . . . . . . . 21 . . . . . . Robot Hit Streak 35 | 7 14 16 . 20 18 13 35 3 8 16 13 7 8 Robot Miss Streak 7 | 2 3 2 . 4 7 1 7 3 2 1 4 2 5 Penetration Max 3 | . . . . 3 1 1 2 . 1 . 2 . 1 Secondary Targets 26 | . 2 1 . 7 . . 11 . . . 5 . . Max Gunslinging Chain 1 | . 1 1 . 1 . . 1 . . . 1 . . Shots Hit Robots 814 | 18 82 66 . 228 31 9 107 4 16 18 207 10 18 Core Hits 500 | 6 47 24 . 147 11 6 78 2 20 3 140 4 12 Critical Kills 54 | . . . . 17 . 1 6 . 1 . 26 . 3 Critical Parts Destroyed 77 | . 1 . . 31 . 1 9 . 5 . 25 2 3 Critical Strikes 141 | . 1 . . 48 . 2 18 . 6 2 56 2 6 Destroy 132 | . 1 . . 48 . 2 13 . 6 1 53 2 6 Detonate 5 | . . . . . . . 5 . . . . . . Sunder 4 | . . . . . . . . . . 1 3 . . Melee Attacks 43 | . . . . . . . 3 . . 2 38 . . Impact . | . . . . . . . . . . . . . . Slashing 4 | . . . . . . . . . . . 4 . . Piercing 6 | . . . . . . . . . . . 6 . . Entropic 33 | . . . . . . . 3 . . 2 28 . . Sneak Attacks 9 | . . . . . . . . . . . 9 . . Combat Hostiles 1 | . . . . . . . . . . . 1 . . Follow-up Attacks 1 | . . . . . . . . . . . 1 . . Damage Inflicted 27931 | 181 1239 1246 . 5430 578 349 4946 112 1723 798 10423 370 536 Guns 18663 | 181 899 1167 . 4701 578 349 3828 112 529 446 5522 66 285 Cannons 1354 | . . . . 45 . . . . . . 754 304 251 Explosions 5069 | . 340 79 . 670 . . 978 . 1194 . 1808 . . Melee 2785 | . . . . . . . 140 . . 352 2293 . . Ramming 60 | . . . . 14 . . . . . . 46 . . Kinetic 18445 | 69 763 1167 . 4746 578 349 2869 112 529 446 6276 128 413 Thermal 2257 | 112 136 . . . . . 978 . 503 . 163 242 123 Explosive 2223 | . 340 79 . 670 . . . . 691 . 443 . . Electromagnetic 1202 | . . . . . . . . . . . 1202 . . Impact . | . . . . . . . . . . . . . . Slashing . | . . . . . . . . . . . . . . Piercing . | . . . . . . . . . . . . . . Entropic 3744 | . . . . . . . 1099 . . 352 2293 . . Highest Corruption 14 | . . . . 7 7 7 12 12 . . 13 14 14 Average Corruption 8 | . . . . 6 7 7 10 12 . . 6 13 14 Corruption Purged . | . . . . . . . . . . . . . . Corruption Blocked . | . . . . . . . . . . . . . . Effects 206 | . . . . 38 25 32 19 14 . . 45 27 6 Message Errors 55 | . . . . 10 7 9 4 4 . . 14 6 1 Matter Fused 42 | . . . . 9 4 6 3 4 . . 8 6 2 Heat Flow Errors 28 | . . . . 2 6 5 2 2 . . 8 3 . Energy Discharges 25 | . . . . 6 3 5 1 1 . . 4 5 . Parts Rejected 6 | . . . . 2 . 1 1 . . . 1 . 1 Parts Fused 2 | . . . . 1 1 . . . . . . . . Data Loss (minor) 17 | . . . . 2 1 3 2 1 . . 2 4 2 Data Loss (major) 9 | . . . . 2 . 2 1 . . . 2 2 . Misfires 12 | . . . . 2 1 1 3 1 . . 3 1 . Misdirections 1 | . . . . . . . . . . . 1 . . Weapon Failures 9 | . . . . 2 2 . 2 1 . . 2 . . Overload Shots . | . . . . . . . . . . . . . . Overflow Damage 1336 | . 10 . . 25 . . 152 . 176 89 863 18 3 Projectiles 62 | . . . . 25 . . . . . . 16 18 3 Explosions 274 | . 10 . . . . . 32 . 176 . 56 . . Melee 1000 | . . . . . . . 120 . . 89 791 . . Knockbacks 6 | . . . . . . . . . . . 3 1 2 Impact . | . . . . . . . . . . . . . . Kinetic 5 | . . . . . . . . . . . 2 1 2 Secondary 1 | . . . . . . . . . . . 1 . . Self-Inflicted Damage 370 | . 18 . . 7 . . . . 165 . 180 . . Shots 9 | . 1 . . . . . . . 3 . 5 . . Rammed 3 | . . . . 1 . . . . . . 2 . . Targets Rammed 4 | . . . . 1 . . . . . . 3 . . Kicked 1 | . . . . . . . . . . . 1 . . Crushed . | . . . . . . . . . . . . . . Highest Temperature 574 | 80 145 . . 451 244 217 259 205 58 . 383 574 330 Average Temperature 87 | 29 29 . . 112 77 70 45 35 18 . 91 153 115 Received Heat Transfer 2792 | . 171 120 . 660 45 9 153 46 138 . 1011 . 439 Effects 10 | . . . . 3 . . . . . . 4 3 . Shutdowns 4 | . . . . 1 . . . . . . 2 1 . Energy Bleed 4 | . . . . 2 . . . . . . 1 1 . Matter Decay 1 | . . . . . . . . . . . 1 . . Short Circuit 1 | . . . . . . . . . . . . 1 . Siege Activations . | . . . . . . . . . . . . . . Martial Activations . | . . . . . . . . . . . . . . Shielding Activations . | . . . . . . . . . . . . . . Robots Disrupted 1 | . . . . . . . . . . . 1 . . Combat Hostiles 1 | . . . . . . . . . . . 1 . . Robots Corrupted 1 | . . . . . . . . . . . 1 . . Combat Hostiles 1 | . . . . . . . . . . . 1 . . Parts Fried 5 | . . . . . . . 1 . . . 4 . . Impact Corruptions . | . . . . . . . . . . . . . . Robots Melted . | . . . . . . . . . . . . . . Combat Hostiles . | . . . . . . . . . . . . . . Parts Melted 8 | 2 . . . 2 . . 4 . . . . . . Heat Transferred 2640 | 333 407 . . . . . 900 . 350 . 200 300 150 Parts Sabotaged 1 | . . . . . . . . . . . 1 . . Parts Stolen . | . . . . . . . . . . . . . . Parts Stripped . | . . . . . . . . . . . . . . Power Chain Reactions 1 | . . . . . . . . . . . 1 . . Alert | -11 -10 -10 -7 -5 -5 -5 -5 -4 -4 -4 -4 -4 -4 ------- Run | Yrd Mat Sub Scr Fac Upp Upp War Pro Fac Was Fac Upp Upp Maximum Alert Level 5 | . . . . 5 . . . . 3 1 5 . . Low Security (%) 45 | 100 100 . . 44 . . . . . . 4 . . Level 1 9 | . . . . 14 . . . . 31 100 2 . . Level 2 7 | . . . . 13 . . . . 27 . 6 . . Level 3 6 | . . . . 5 . . . . 40 . 11 . . Level 4 7 | . . . . 2 . . . . . . 21 . . Level 5 12 | . . . . . . . . . . . 43 . . High Security 9 | . . . . 19 . . . . . . 11 . . Max Security . | . . . . . . . . . . . . . . Peak Influence 3344 | 5 153 . . 2030 . . . . 1016 342 3344 . . Initial 356 | . . . . . . . . . 356 342 186 . . Average 743 | 1 43 . . 609 . . . . 627 307 1646 . . Influence Increases 9986 | 20 519 . . 2699 110 153 620 190 1122 4 4409 60 80 Destroy 0b10 Robot/C 3680 | . 280 . . 920 40 100 520 . 220 . 1480 40 80 Destroy 0b10 Robot/NC 480 | 20 75 . . 200 . 5 5 10 10 . 145 10 . Destroy Leader 598 | . 56 . . 210 10 10 . . 32 . 270 10 . Allied During Kill 358 | . . . . 266 . 8 5 . . . 79 . . Trap Triggered on 0b10 10 | . . . . 10 . . . . . . . . . Successful Hack 208 | . 51 . . 43 . . . . 11 . 103 . . Disable Machine 960 | . 30 . . 255 . . . . 195 . 480 . . Destroy Structure 1232 | . 12 . . 330 . . . . 204 4 682 . . Advance Influence 300 | . . . . . . . . . 300 . . . . Partial Spotted 165 | . . . . 60 . . . . . . 105 . . Lose Combat Pursuer 1995 | . 15 . . 405 60 30 90 180 150 . 1065 . . Influence Decreases 8646 | 20 519 . . 669 1112 660 769 472 234 716 1331 1588 556 Entered New Map 4175 | . . . . . 752 196 521 372 34 636 80 1238 346 Time Decay 3191 | 20 509 . . 429 350 374 208 100 130 80 571 350 70 Lost Part 970 | . 10 . . 160 10 30 20 . 60 . 540 . 140 Lost Ally 310 | . . . . 80 . 60 20 . 10 . 140 . . Squads Dispatched 70 | . 3 . . 28 . . . 1 3 . 34 . 1 Investigation 16 | . 2 . . 4 . . . . 1 . 9 . . Extermination 8 | . . . . 2 . . . . 1 . 5 . . Reinforcement 16 | . 1 . . 7 . . . . 1 . 7 . . Assault 30 | . . . . 15 . . . 1 . . 13 . 1 Garrison . | . . . . . . . . . . . . . . Intercept . | . . . . . . . . . . . . . . Searches Triggered . | . . . . . . . . . . . . . . Construction Impeded 5 | . . . . 3 . . . . . . 2 . . Haulers Reinforced 4 | . . . . 2 . . . . . . 2 . . Active Scanning Responses . | . . . . . . . . . . . . . . Cargo Convoy Interrupts . | . . . . . . . . . . . . . . Stealth | -11 -10 -10 -7 -5 -5 -5 -5 -4 -4 -4 -4 -4 -4 --------- Run | Yrd Mat Sub Scr Fac Upp Upp War Pro Fac Was Fac Upp Upp Distress Signals 17 | . 1 . . 6 . . 2 . 1 . 7 . . Communications Jammed 8 | . . . . . . . . . . . 8 . . Distress Signals 8 | . . . . . . . . . . . 8 . . Times Spotted 472 | . 23 16 . 86 10 8 89 13 29 . 183 2 13 Peak Tracking Total 24 | . 6 2 . 14 4 4 18 11 15 . 24 2 8 Tactical Retreats 56 | . 1 . . 12 3 2 2 4 4 . 28 . . Traps | -11 -10 -10 -7 -5 -5 -5 -5 -4 -4 -4 -4 -4 -4 ------- Run | Yrd Mat Sub Scr Fac Upp Upp War Pro Fac Was Fac Upp Upp Traps Triggered 10 | . 1 . . . . . . . 3 . 6 . . Indirectly 2 | . . . . . . . . . . . 2 . . Trap Hack Attempts . | . . . . . . . . . . . . . . Triggered . | . . . . . . . . . . . . . . Disarmed . | . . . . . . . . . . . . . . Reprogrammed . | . . . . . . . . . . . . . . Reused 1 | . . . . 1 . . . . . . . . . Traps Extracted . | . . . . . . . . . . . . . . Installed 1 | . . . . 1 . . . . . . . . . Triggered 1 | . . . . 1 . . . . . . . . . Most Traps Carried 1 | . . . 1 1 . . . . . . . . . Machines | -11 -10 -10 -7 -5 -5 -5 -5 -4 -4 -4 -4 -4 -4 ---------- Run | Yrd Mat Sub Scr Fac Upp Upp War Pro Fac Was Fac Upp Upp Machines Disabled 71 | . 2 2 . 17 . 1 3 . 13 . 32 . 1 Max in Single Turn 6 | . 1 1 . 4 . 1 2 . 6 . 6 . 1 Garrison Access 1 | . . . . . . . . . . . 1 . . Machines Repaired . | . . . . . . . . . . . . . . Machines Dismantled . | . . . . . . . . . . . . . . Machines Sabotaged . | . . . . . . . . . . . . . . Overloaded Fab Kills . | . . . . . . . . . . . . . . Hacking | -11 -10 -10 -7 -5 -5 -5 -5 -4 -4 -4 -4 -4 -4 --------- Run | Yrd Mat Sub Scr Fac Upp Upp War Pro Fac Was Fac Upp Upp Machines Accessed 56 | . 10 2 2 8 . . 6 . 3 . 24 1 . Terminals 24 | . 7 . . 3 . . . . 2 . 12 . . Fabricators 2 | . . . . . . . . . . . 2 . . Repair Stations 2 | . 1 . . 1 . . . . . . . . . Recycling Units 14 | . 2 . . 3 . . . . 1 . 8 . . Scanalyzers 3 | . . . . 1 . . . . . . 2 . . Garrison Access . | . . . . . . . . . . . . . . Total Hacks 180 | . 36 4 6 18 . . 6 . 16 . 93 1 . Successful 94 | . 19 4 6 6 . . 6 . 6 . 46 1 . Failed 85 | . 16 . . 12 . . . . 10 . 47 . . Catastrophic 14 | . 1 . . 5 . . . . . . 8 . . Database Lockouts 1 | . 1 . . . . . . . . . . . . Manual 110 | . 31 . . 11 . . . . 16 . 52 . . Terminals 92 | . 27 . . 6 . . . . 11 . 48 . . Fabricators 8 | . . . . . . . . . . . 8 . . Repair Stations 4 | . 3 . . 1 . . . . . . . . . Recycling Units 34 | . 6 . . 8 . . . . 5 . 15 . . Scanalyzers 25 | . . . . 3 . . . . . . 22 . . Garrison Access . | . . . . . . . . . . . . . . Terminal Hacks 29 | . 5 4 6 . . . 6 . 1 . 6 1 . Record 8 | . . 3 . . . . 5 . . . . . . Robot Analysis 7 | . 2 . 5 . . . . . . . . . . Open Door 3 | . . . . . . . 1 . . . 1 1 . Branch Access Points 1 | . . . . . . . . . . . 1 . . Terminal Index 3 | . 1 . . . . . . . 1 . 1 . . Locate Traps 1 | . 1 . . . . . . . . . . . . Reinforcement Status 1 | . . . . . . . . . . . 1 . . Recall Reinforcements 2 | . . . . . . . . . . . 2 . . Zone Layout 1 | . 1 . . . . . . . . . . . . Proto ID Catalog 2 | . . 1 1 . . . . . . . . . . Fabricator Hacks 2 | . . . . . . . . . . . 2 . . Network Status 1 | . . . . . . . . . . . 1 . . Build 1 | . . . . . . . . . . . 1 . . Repair Station Hacks 2 | . 2 . . . . . . . . . . . . Scan Component 1 | . 1 . . . . . . . . . . . . Repair 1 | . 1 . . . . . . . . . . . . Recycling Unit Hacks . | . . . . . . . . . . . . . . Scanalyzer 13 | . . . . 1 . . . . . . 12 . . Insert Component 6 | . . . . 1 . . . . . . 5 . . Analyze 7 | . . . . . . . . . . . 7 . . Garrison Access Hacks . | . . . . . . . . . . . . . . Unauthorized Hacks 48 | . 12 . . 5 . . . . 5 . 26 . . Terminals 24 | . 8 . . 1 . . . . 2 . 13 . . Assimilate 1 | . . . . . . . . . . . 1 . . Botnet 12 | . 3 . . 1 . . . . 1 . 7 . . Skim 11 | . 5 . . . . . . . 1 . 5 . . Fabricators 3 | . . . . . . . . . . . 3 . . Fabnet 1 | . . . . . . . . . . . 1 . . Haulers 2 | . . . . . . . . . . . 2 . . Repair Stations . | . . . . . . . . . . . . . . Recycling Units 21 | . 4 . . 4 . . . . 3 . 10 . . Reject 4 | . 2 . . . . . . . 1 . 1 . . Recyclers 4 | . 1 . . 1 . . . . 1 . 1 . . Mask 2 | . 1 . . . . . . . . . 1 . . Fedlink 7 | . . . . 3 . . . . 1 . 3 . . Scraphulk 4 | . . . . . . . . . . . 4 . . Scanalyzers . | . . . . . . . . . . . . . . Garrison Access . | . . . . . . . . . . . . . . Data Cores Recovered . | . . . . . . . . . . . . . . Used . | . . . . . . . . . . . . . . Hacking Detections 35 | . 7 . . 7 . . . . 3 . 18 . . Full Trace Events 4 | . 1 . . 1 . . . . . . 2 . . Feedback Events . | . . . . . . . . . . . . . . Feedback Blocked . | . . . . . . . . . . . . . . Robot Schematics Acquired . | . . . . . . . . . . . . . . Robots Built 3 | . . . . . . . . . . . 3 . . Authchips . | . . . . . . . . . . . . . . Time 169 | . . . . . . . . . . . 169 . . Total Robot Build Rating 18 | . . . . . . . . . . . 18 . . Part Schematics Acquired 3 | . . . . . . . . . . . 3 . . Parts Built . | . . . . . . . . . . . . . . Authchips . | . . . . . . . . . . . . . . Time . | . . . . . . . . . . . . . . Total Part Build Rating . | . . . . . . . . . . . . . . Parts Repaired 1 | . 1 . . . . . . . . . . . . Time 13 | . 13 . . . . . . . . . . . . Parts Recycled . | . . . . . . . . . . . . . . Recycled Matter . | . . . . . . . . . . . . . . Retrieved Matter . | . . . . . . . . . . . . . . Retrieved Components . | . . . . . . . . . . . . . . Parts Scanalyzed 4 | . . . . 1 . . . . . . 3 . . Part Schematics Acquired 3 | . . . . . . . . . . . 3 . . Parts Damaged 1 | . . . . . . . . . . . 1 . . Bothacking | -11 -10 -10 -7 -5 -5 -5 -5 -4 -4 -4 -4 -4 -4 ------------ Run | Yrd Mat Sub Scr Fac Upp Upp War Pro Fac Was Fac Upp Upp Used RIF Installer . | . . . . . . . . . . . . . . Robots Hacked . | . . . . . . . . . . . . . . Non-combat . | . . . . . . . . . . . . . . Combat . | . . . . . . . . . . . . . . Robot Hacks Applied . | . . . . . . . . . . . . . . Relay Couplers Released 4 | . . . . . . . . . . . 4 . . Machine Destruction 4 | . . . . . . . . . . . 4 . . Fabnet Peak Effective % . | . . . . . . . . . . . . . . Robots Rewired 4 | . . . . . . 4 . . . . . . . Allies Hacked 2 | . . . . . . . . . . . 2 . . Hacks Repelled . | . . . . . . . . . . . . . . Allies | -11 -10 -10 -7 -5 -5 -5 -5 -4 -4 -4 -4 -4 -4 -------- Run | Yrd Mat Sub Scr Fac Upp Upp War Pro Fac Was Fac Upp Upp Total Allies 16 | . . . . 5 . 4 . . . . 7 . . Largest Group 5 | . . . . 5 . 4 1 . . . 3 . . Highest-Rated Group 246 | . . . . 238 . 119 29 . . . 246 . . Highest-Rated Ally 123 | . . . . 50 . 30 29 . . . 123 . . Total Orders 9 | . . . . . . . 4 5 . . . . . EXPLORE 7 | . . . . . . . 3 4 . . . . . RETURN 2 | . . . . . . . 1 1 . . . . . Ally Attacks 217 | . . . . 119 . 17 7 . . . 74 . . Total Damage 5964 | . . . . 2628 . 119 89 . . . 3128 . . Kills 50 | . . . . 24 . 3 . . . . 23 . . Allies Corrupted 3 | . . . . . . . . . . . 3 . . Allies Melted 4 | . . . . . . 2 1 . . . 1 . . Intel | -11 -10 -10 -7 -5 -5 -5 -5 -4 -4 -4 -4 -4 -4 ------- Run | Yrd Mat Sub Scr Fac Upp Upp War Pro Fac Was Fac Upp Upp Active Infowar (turns) 3768 | 43 138 250 . 565 766 849 167 . . . 648 342 . Optics 252 | . . 250 . . . . 2 . . . . . . IFF 1399 | . . . . 214 171 849 165 . . . . . . Terrain 1844 | 43 138 . . 369 595 . . . . . 357 342 . Jamming 291 | . . . . . . . . . . . 291 . . Robot Analysis Total 7 | . 2 . 5 . . . . . . . . . . Derelict Logs Recovered 17 | . . 3 5 . 2 3 . 2 . . . 2 . Drone Launches 15 | . . . . . . . 6 4 1 1 3 . . Drone Recoveries 9 | . . . . . . . 3 4 . . 2 . . Exploration | -11 -10 -10 -7 -5 -5 -5 -5 -4 -4 -4 -4 -4 -4 ------------- Run | Yrd Mat Sub Scr Fac Upp Upp War Pro Fac Was Fac Upp Upp Turns Passed 15614 | 120 1814 3004 1992 2164 795 877 1263 263 266 169 1943 792 152 Spaces Moved 13783 | 45 985 1749 1201 1572 1129 1250 1125 404 431 356 2924 529 83 Core 16 | 2 . . . . . . . . . . . . 14 Treads 4566 | 43 985 1749 1201 587 . 1 . . . . . . . Legs 318 | . . . . . . . . . . . 35 283 . Wheels . | . . . . . . . . . . . . . . Hover 8883 | . . . . 985 1129 1249 1125 404 431 356 2889 246 69 Flight . | . . . . . . . . . . . . . . Fastest Speed 27 | 50 160 160 160 40 46 52 29 29 27 32 32 118 36 Average Speed 89 | 155 160 160 160 96 53 58 62 37 36 32 39 129 104 Slowest Speed 250 | 160 160 160 160 250 106 240 138 38 44 32 140 140 118 Overloaded Moves 70 | . . . . . . . 14 27 29 . . . . Propulsion Burnouts . | . . . . . . . . . . . . . . Robots Hopped . | . . . . . . . . . . . . . . Potential Cave-ins 2 | . . . . . . . . . . . 2 . . Cave-ins Triggered . | . . . . . . . . . . . . . . Exploration Rate (%) 65 | 5 97 90 83 33 90 97 95 76 14 95 70 62 15 Regions Visited 13 Branch Regions 8 Pre-discovered Areas 7 | . 1 . 2 1 1 . . 1 . . . 1 . Known Exits Taken 4 | . . . . 1 1 . . . . . 1 1 . Unknown Exits Taken 7 | 1 1 1 1 . . 1 1 1 . . . . . Scrap Searched 28 | . . 15 4 . 4 2 . 1 . . . 2 . Spaces Dug 83 | . . . . 6 . . 1 3 2 . 71 . . Terrain Destroyed 589 | . 11 11 . 79 4 . 25 14 139 4 271 11 20 Melee 6 | . . . . . . . 1 . . . 5 . . Projectile 209 | . . . . 10 4 . 20 14 14 4 112 11 20 AOE 365 | . 11 11 . 60 . . 4 . 125 . 154 . . Terrain Rammed . | . . . . . . . . . . . . . . Walls Destroyed . | . . . . . . . . . . . . . . Machines Disabled . | . . . . . . . . . . . . . . Actions | -11 -10 -10 -7 -5 -5 -5 -5 -4 -4 -4 -4 -4 -4 --------- Run | Yrd Mat Sub Scr Fac Upp Upp War Pro Fac Was Fac Upp Upp Total 16063 | 67 1111 1868 1280 1963 1290 1384 1567 501 507 397 3369 626 133 Wait 858 | . 19 2 44 111 127 69 241 89 28 5 56 62 5 Move 13771 | 44 984 1748 1200 1571 1128 1249 1124 403 431 355 2923 528 83 Hop . | . . . . . . . . . . . . . . Pick Up 161 | 2 15 17 16 28 4 4 21 . 8 10 34 2 . Fast Attach 121 | 7 2 2 2 31 4 9 20 . 4 . 37 3 . Attach 101 | . . . 1 17 1 6 7 . 6 . 41 7 15 Detach 74 | . 1 1 . 14 1 4 13 . 2 . 21 7 10 Swap 173 | . 11 11 . 36 2 4 41 3 12 9 36 7 1 Drop 181 | . 8 22 17 31 8 11 41 . 3 10 25 1 4 Fire 556 | 14 71 65 . 122 15 8 52 6 13 6 160 9 15 Melee 37 | . . . . . . . 3 . . 2 32 . . Ram 3 | . . . . 1 . . . . . . 2 . . Kick 1 | . . . . . . . . . . . 1 . . Crush . | . . . . . . . . . . . . . . Escape Stasis 1 | . . . . . . . . . . . 1 . . Rewire 23 | . . . . . . 20 3 . . . . . . Trap 1 | . . . . 1 . . . . . . . . . Miscellaneous 1 | . . . . . . . 1 . . . . . . Route ------- -11/Scrapyard -10/Materials (discovered 5 exits: [*Mat x3] / [*Min] / *Sub) -10/Subcaves (discovered 4 exits: *Mat x2 / Rec / *Scr) -7/Scraptown (discovered 2 exits: *Fac x2) -5/Factory (discovered 2 exits: *Fac / *Upp) -5/Upper Caves -5/Upper Caves (discovered 2 exits: *Fac / *War) -5/Warlord -4/Proximity Caves -4/Factory -4/Waste -4/Factory (discovered 8 exits: [*Res x4] / *Upp x2 / *Ext x2) -4/Upper Caves -4/Upper Caves (discovered 2 exits: [*Res] / Zhi) History --------- Turn | Location | Event 6 | -11/Scrapyard | Discovered new exit (range 15) 121 | -11/Scrapyard | Entered Materials 280 | -10/Materials | Discovered new exit (range 7) 301 | -10/Materials | Build established: Mutant 531 | -10/Materials | Discovered new exit (range 10) 704 | -10/Materials | Central database locked down 807 | -10/Materials | Discovered new exit (range 10) 885 | -10/Materials | Discovered new exit (range 3) 1172 | -10/Materials | Discovered new exit (range 15) 1273 | -10/Materials | Repaired Grenade Launcher 1362 | -10/Materials | Learned Storage emergency access door positions 1486 | -10/Materials | Learned 4 Subcaves zone layouts 1570 | -10/Materials | Learned 2 Storage zone layouts 1596 | -10/Materials | Learned Storage emergency access door positions 1634 | -10/Materials | Learned Storage emergency access door positions 1684 | -10/Materials | Learned location of 2 exits from Subcaves 1743 | -10/Materials | Learned Storage trap positions 1935 | -10/Materials | Entered Subcaves 1936 | -10/Subcaves | Approached by a straggling Scientist 1936 | -10/Subcaves | Identified exit to Recycling 1936 | -10/Subcaves | Identified exit to Materials 2011 | -10/Subcaves | Shifting Twisted Machinery released Barrage Gun 2081 | -10/Subcaves | A swath of the cavern ceiling suddenly collapsed 2130 | -10/Subcaves | Learned Materials garrison access intel 2271 | -10/Subcaves | Visited Clippyterm 2276 | -10/Subcaves | Learned Factory trap positions 2366 | -10/Subcaves | Scientist uncovered a shortcut to Scraptown 2469 | -10/Subcaves | Shifting Twisted Machinery released Battle Cannon 3001 | -10/Subcaves | Learned Materials security intel 3142 | -10/Subcaves | Shifting Twisted Machinery released Slug Cannon 3157 | -10/Subcaves | Shifting Twisted Machinery released Spk. Treads 3158 | -10/Subcaves | Learned Materials interactive machine intel 4191 | -10/Subcaves | Core integrity fell below 50% 4301 | -10/Subcaves | Discovered exit to Materials (range 12) 4424 | -10/Subcaves | Visited 4L-MR0's lab 4473 | -10/Subcaves | Found Gun Armor 4939 | -10/Subcaves | Entered Scraptown 5064 | -7/Scraptown | Scanned Subdweller tech in exchange for log data 5069 | -7/Scraptown | Learned Research terminal intel 5071 | -7/Scraptown | Learned location of Quarantine (-3) 5072 | -7/Scraptown | Learned 8 Research zone layouts 5074 | -7/Scraptown | Learned location of Extension (-4) 5172 | -7/Scraptown | Visited UFD Registry 5172 | -7/Scraptown | Registered with UFD as "Megacore" 5263 | -7/Scraptown | Discovered new exit (range 11) 5780 | -7/Scraptown | Visited Spacefarers 5820 | -7/Scraptown | Visited Fellowship of the Rings 5832 | -7/Scraptown | Visited SPCMW 5912 | -7/Scraptown | Visited Science Guys 5999 | -7/Scraptown | Delivered Scrap Shield to a Scientist 6079 | -7/Scraptown | Visited Chapter 10 6102 | -7/Scraptown | Visited Scrapoid Pod Storage 6110 | -7/Scraptown | Found Scrapoid Pod 6138 | -7/Scraptown | Visited Supply Room 6173 | -7/Scraptown | Visited A0-MCA Data Center 6197 | -7/Scraptown | Given a B+ rating by A0-MCA 6239 | -7/Scraptown | Visited Junk Repository 6287 | -7/Scraptown | Visited Analyses Database 6355 | -7/Scraptown | Found A0-MCA's Component Scanner 6407 | -7/Scraptown | Visited Junk Repository 6846 | -7/Scraptown | Met Optimus 6846 | -7/Scraptown | Accepted into 0bPrime 6925 | -7/Scraptown | Discovered new exit (range 5) 6931 | -7/Scraptown | Entered Factory 6931 | -5/Factory | Evolved 10 slots: Power x1, Propulsion x4, Utility x4, Weapon x1 6932 | -5/Factory | Identified exit to Upper Caves 6933 | -5/Factory | Loaded intel: 111 trap records 7036 | -5/Factory | Loaded intel: 8 recycling unit locations 7224 | -5/Factory | Learned location of Protoforge (-3) 7618 | -5/Factory | Build established: Scavenger-Gunner 7783 | -5/Factory | Lost 3 parts (2n1u) 7949 | -5/Factory | Attached Gun Armor, gained temporary slots: Weapon x2 8431 | -5/Factory | First assault squad dispatched 8499 | -5/Factory | Discovered new exit (range 8) 8550 | -5/Factory | Lost 4 parts (2n2w) 8592 | -5/Factory | Scrapoid Pod released 05F05-D (x5) 8664 | -5/Factory | High security lockdown imminent 8744 | -5/Factory | High security lockdown engaged 8819 | -5/Factory | Lost 3 allies 9095 | -5/Factory | Entered Upper Caves 9097 | -5/Upper Caves | UFD Scientist delivered a prototype 9099 | -5/Upper Caves | Found Prototype Protection 9106 | -5/Upper Caves | Identified exit to Upper Caves 9244 | -5/Upper Caves | Encountered a Warlord checkpoint 9312 | -5/Upper Caves | Spotted B-75 Beast 9375 | -5/Upper Caves | Build established: Scavenger-Skirmisher 9426 | -5/Upper Caves | Attracted the attention of an 0b10 checkpoint 9691 | -5/Upper Caves | Identified Enh. Scrap Shield 9890 | -5/Upper Caves | Entered another Upper Caves area 9939 | -5/Upper Caves | Discovered new exit (range 6) 9977 | -5/Upper Caves | Build established: Scavenger-Gunner 10165 | -5/Upper Caves | Spotted B-75 Beast 10238 | -5/Upper Caves | Attacked by a delusional Derelict stockpiling Unaware 10401 | -5/Upper Caves | Learned Factory interactive machine intel 10409 | -5/Upper Caves | Learned Factory stockpile data 10453 | -5/Upper Caves | Discovered new exit (range 8) 10731 | -5/Upper Caves | Attracted the attention of an 0b10 checkpoint 10764 | -5/Upper Caves | Lost 3 allies 10767 | -5/Upper Caves | Entered Warlord 10767 | -5/Warlord | Accompanied by 1 ally 10832 | -5/Warlord | System corruption cleaned by Quarantine Array 11089 | -5/Warlord | Discovered new exit (range 68) 11116 | -5/Warlord | Visited the Vortex Lab 11119 | -5/Warlord | Found Prototype Piercing Weapon 11119 | -5/Warlord | Identified Vortex Lance 11123 | -5/Warlord | Found Prototype Energy Gun 11123 | -5/Warlord | Identified Vortex Shotgun 11136 | -5/Warlord | Warlord's base attacked by MAIN.C 11147 | -5/Warlord | Found Vortex Shotgun 11191 | -5/Warlord | Found Prototype Processor 11191 | -5/Warlord | Identified Exp. Target Analyzer 11193 | -5/Warlord | Found Prototype Device 11193 | -5/Warlord | Identified System Purifier 11212 | -5/Warlord | Found Prototype Hackware 11257 | -5/Warlord | Rebuked by Warlord 11313 | -5/Warlord | Found Vortex Lance 11373 | -5/Warlord | P-70 Sage assimilated allied D4-QJQ(Y) 11455 | -5/Warlord | Warlord forces counterattacked 11477 | -5/Warlord | Spotted Striker 11483 | -5/Warlord | Destroyed Striker 11502 | -5/Warlord | Spotted Executioner 11504 | -5/Warlord | Destroyed Executioner 11519 | -5/Warlord | Spotted Executioner 11524 | -5/Warlord | Lost 6 allies 11528 | -5/Warlord | Destroyed Executioner 11539 | -5/Warlord | Found Prototype Processor 11539 | -5/Warlord | Identified Exp. Core Analyzer 11545 | -5/Warlord | Found Prototype Processor 11545 | -5/Warlord | Identified Exp. Targeting Computer 11548 | -5/Warlord | Found Exp. Core Analyzer 11549 | -5/Warlord | Destroyed 8 combat bots 11550 | -5/Warlord | Spotted Executioner 11556 | -5/Warlord | Spotted Executioner 11570 | -5/Warlord | Found Exp. Core Analyzer 11612 | -5/Warlord | Lost 11 allies 11636 | -5/Warlord | Spotted B-86 Titan 11636 | -5/Warlord | Spotted Striker 11642 | -5/Warlord | Spotted Executioner 11643 | -5/Warlord | P-80 Master assimilated allied RO-WN8(g) 11653 | -5/Warlord | Destroyed B-86 Titan 11654 | -5/Warlord | System corruption reached 10% 11690 | -5/Warlord | Lost 11 allies 11786 | -5/Warlord | Spotted B-86 Titan 11811 | -5/Warlord | Warlord base infiltrated, sounded retreat 11823 | -5/Warlord | Spotted Striker 11843 | -5/Warlord | Destroyed Striker 11864 | -5/Warlord | Spotted Striker 11864 | -5/Warlord | Spotted B-86 Titan 11938 | -5/Warlord | Spotted Executioner 11941 | -5/Warlord | Core integrity fell below 50% 11951 | -5/Warlord | Spotted Striker 11989 | -5/Warlord | Lost 6 allies 12030 | -5/Warlord | Entered Proximity Caves 12032 | -4/Proximity Caves | Spotter reported a threat 12033 | -4/Proximity Caves | Spotter reported a threat 12084 | -4/Proximity Caves | Attracted the attention of an 0b10 outpost 12114 | -4/Proximity Caves | Learned location of Testing (-2) 12215 | -4/Proximity Caves | Learned Research terminal intel 12244 | -4/Proximity Caves | Discovered new exit (range 12) 12293 | -4/Proximity Caves | Entered Factory 12293 | -4/Factory | Evolved 2 slots: Utility x2 12294 | -4/Factory | Identified exit to Upper Caves 12296 | -4/Factory | Loaded intel: 56 interactive machine locations 12309 | -4/Factory | Identified Ghost Barrier 12333 | -4/Factory | Loaded intel: 8 recycling unit locations 12515 | -4/Factory | Lost 3 parts (1n2w) 12559 | -4/Factory | Sucked down chute 12559 | -4/Factory | Entered Waste 12559 | -4/Waste | The area was eerily silent 12702 | -4/Waste | Discovered new exit (range 15) 12728 | -4/Waste | Entered Factory 12728 | -4/Factory | Accompanied by 1 ally 12771 | -4/Factory | Build established: Scavenger-Sprinter 12844 | -4/Factory | Loaded intel: 8 recycling unit locations 12977 | -4/Factory | Identified exit to Extension 12982 | -4/Factory | Spotted B-86 Titan 13170 | -4/Factory | Fabricated B-60 Warrior? 13211 | -4/Factory | Build established: Scavenger-Gunner 13296 | -4/Factory | Discovered new exit (range 16) 13478 | -4/Factory | First assault squad dispatched 13613 | -4/Factory | Lost 5 parts (1p1n3u) 13816 | -4/Factory | Lost 9 parts (5n2u2w) 13882 | -4/Factory | Lost 6 parts (3n1u2w) 13934 | -4/Factory | Discovered new exit (range 12) 13965 | -4/Factory | Lost 5 parts (1p1n3u) 13989 | -4/Factory | Discovered new exit (range 4) 14012 | -4/Factory | Spotted B-86 Titan 14178 | -4/Factory | Learned location of 2 exits from Upper Caves 14212 | -4/Factory | Learned 8 Research zone layouts 14236 | -4/Factory | Learned Armory interactive machine intel 14252 | -4/Factory | Learned Quarantine stockpile data 14257 | -4/Factory | Learned 2 Upper Caves zone layouts 14258 | -4/Factory | Learned location of 1 exit from Proximity Caves 14262 | -4/Factory | Learned Testing emergency access door positions 14277 | -4/Factory | Learned Armory trap positions 14303 | -4/Factory | Learned Research garrison access intel 14308 | -4/Factory | Scraphulk reinforcements arrived? 14392 | -4/Factory | Discovered new exit (range 15) 14430 | -4/Factory | Scraphulk reinforcements arrived? 14435 | -4/Factory | Scraphulk reinforcements arrived? 14441 | -4/Factory | Lost 5 parts (1p3n1u) 14456 | -4/Factory | High security lockdown imminent 14489 | -4/Factory | Core integrity fell below 50% 14494 | -4/Factory | Scraphulk reinforcements arrived? 14521 | -4/Factory | Found Scrap Suit 14529 | -4/Factory | System corruption reached 10% 14536 | -4/Factory | High security lockdown engaged 14543 | -4/Factory | Lost 8 parts (1p4n3w) 14671 | -4/Factory | Entered Upper Caves 14672 | -4/Upper Caves | Identified exit to Upper Caves 14687 | -4/Upper Caves | Lost 4 parts (1p3n) 14946 | -4/Upper Caves | Build established: Scavenger-Scrapper 15447 | -4/Upper Caves | Build established: Scavenger-Gunner 15463 | -4/Upper Caves | Entered another Upper Caves area 15464 | -4/Upper Caves | Identified exit to Zhirov 15466 | -4/Upper Caves | Discovered new exit (range 8) 15483 | -4/Upper Caves | Attracted the attention of an 0b10 checkpoint 15569 | -4/Upper Caves | Attracted the attention of an 0b10 outpost 15603 | -4/Upper Caves | Core integrity fell below 20% 15615 | -4/Upper Caves | Destroyed by Y-72 Warden with Quantum Rifle Last Messages --------------- 15603_ Dropped Lrg. Storage Unit. 15603_ Penetrated by Slug. 15603_ Adv. Heat Sink destroyed. 15604_ Adv. Melee Analysis Suite fries itself beyond repair. 15604_ Imp. Hover Unit destroyed. 15606_ System corrupted: Component data lost. 15606_ Cmb. Linear Gravjet destroyed. 15607_ Hvy. Flak Cannon destroyed. 15607_ Lgt. Antimatter Reactor destroyed. 15608_ Imp. Linear Gravjet destroyed. 15608_ M-36 Artificer repairs G-67 Veteran. 15609_ Slug penetrates Wall. 15610_ M-36 Artificer repairs G-67 Veteran Adv. Heat Sink. 15611_ Imp. Linear Gravjet destroyed. 15612_ Broken Cmb. Linear Gravjet destroyed. 15612_ Slug penetrates G-67 Veteran. 15612_ Slug penetrates Wall. 15613_ M-36 Artificer repairs G-67 Veteran. Map ----- +----------------------------------------------------+ | ?????????????????????????????????????????????????? | | ?????????????????????????????????????????????????? | | ?????????????????????????????????????????????????? | | ?????????????????????????????????????????????????? | | ?????????????????????????????????????????????????? | | ?????????????????????????????????????????????????? | | ?????????????????????????????????????????????????? | | ?????????????????????????????????????????????????? | | ?????????????????????????????????????????????????? | | ?????????????????????????????????????????????????? | | ?????????????????????????????????????????????????? | | ?????????????????????????????????????????????????? | | ?????????????????????????????????????????????????? | | ?????????????????????????????????????????????????? | | ????????????????????????????###??????????????????? | | ????????????????????????????? #?????????????????? | | ??????????????????????######## #?????????????????# | | ??????????????????????#" """# ######??????????? | | ??????????????????????#"l ; "" ###???????# | | ??????????????????????#" ## Y ; ####?### | | ??????????????????????#" ; g """ %###%! #?? | | ??????????????????????#" # [ ##?? | | ??????????????????????# ;g % /!"%" #?? | | ????????????????????# ### #;; ""!### #?? | | ????????????????????# ""# #?# #?? | | ????????????????????# @### ### "### #?# #?# | | ??????????????????# #?# "##?###" ## #?# ### | | ?????????????????# ## #?####????##### ### ## | | ?????????????? ??####?????????????# | | ?????????????# ?????????????????????##### | | ?????????????## ??????????????????????????### | | ??????????????##??????????????????????????????### | | ????????????????????????????????????????????????## | | ?????????????????????????????????????????????????? | | ?????????????????????????????????????????????????? | | ?????????????????????????????????????????????????? | | ?????????????????????????????????????????????????? | | ?????????????????????????????????????????????????? | | ?????????????????????????????????????????????????? | | ?????????????????????????????????????????????????? | | ?????????????????????????????????????????????????? | | ?????????????????????????????????????????????????? | | ?????????????????????????????????????????????????? | | ?????????????????????????????????????????????????? | | ?????????????????????????????????????????????????? | | ?????????????????????????????????????????????????? | | ?????????????????????????????????????????????????? | | ?????????????????????????????????????????????????? | | ?????????????????????????????????????????????????? | | ?????????????????????????????????????????????????? | +----------------------------------------------------+ Best States ------------- Heat Dissipation 81 Coolant Potential 100 Energy Generation 45 Energy Capacity 575 Matter Stores 300 Matter Capacity 300 Sight Range 23 Terrain Scan Range 20 Terrain Scan Density 210 Jamming Range 16 Additional Mass Support 9 Armor Coverage 800 Propulsion Shielding 66 Weapon Shielding 66 Weapon Cycling 20 Evasion (%) 68 Targeting Accuracy 20 Target Analysis 13 Core Analysis 12 Recoil Reduction 6 Kinecelleration 30 Offensive Hacking 10 Defensive Hacking 34 Item Schematics ----------------- Cmb. Linear Gravjet | -4/Factory | Scanalyzed Helical Railgun | -4/Factory | Scanalyzed Enh. Hardcell Cannon | -4/Factory | Scanalyzed Robot Schematics ------------------ None Fabricated ------------ B-60 Warrior | x3 | -4/Factory | Preloaded Repaired ---------- Grenade Launcher | 71% | -10/Materials Alien Tech Used ----------------- None Achievements -------------- None Challenges ------------ None Game ------ Seed GrapheneActuatorCompanion Manual? 0 Play Time 03:23:13 Cumulative 379.9 hours Start 2025.07.07 @ 09:11:52 End 2025.07.07 @ 12:37:43 Sessions 1 Manual Loads 0 Difficulty Rogue Special Mode None Game No. 223 Rogue 223 Adventurer 0 Explorer 0 Win Type - Total 4 Types 2/0/1/1/0/0/0/0/0/0 Lore% 85 Gallery% 73 Achievement% 67 Wizard Run 0 Options --------- Layout 2 ASCII 0 Keyboard 1 Movement Vi Keybinds 0 Fullscreen 2 Font 16/Tamsyn Map View 55x47 Zoom Use 0% Tactical HUD 1 Map Filters NONE Filters NONE Steam 0 RUN: 96b8eb00-ef23-4721-8075-40f93fa366e9